 Dungeon Crawl Stone Soup version 0.29-a0-350-g7790a0e70a (console) character file.

Game seed: 10721920986996240763

805 jejorda2 the Slasher (level 7, -2/56 HPs)
             Began as a Merfolk Berserker on Apr 22, 2022.
             Was a Priest of Trog.
             Slain by Edmund
             ... wielding a +1 flail of protection
              (7 damage)
             ... on level 4 of the Dungeon.
             The game lasted 00:13:22 (4977 turns).

jejorda2 the Slasher (Merfolk Berserker)            Turns: 4977, Time: 00:13:22

Health: -2/56      AC:  8    Str: 17    XL:     7   Next: 91%
Magic:  7/7        EV: 12    Int:  7    God:    Trog [***...]
Gold:   188        SH:  5    Dex: 15    Spells: 6/6 levels left

rFire   . . .      SeeInvis .   a - +0 falchion
rCold   . . .      Faith    .   h - +0 buckler
rNeg    + + +      Spirit   .   d - +1 leather armour of Agoraphobia {rPois rN+}
rPois   +          Reflect  .   e - +0 helmet
rElec   .          Harm     .   z - +1 cloak
rCorr   .          Rampage  .   (no gloves)
Will    .....                   q - +0 pair of boots
Stlth   +.........              (no amulet)
HPRegen 0.18/turn               B - ring of positive energy
MPRegen 0.10/turn               D - ring of positive energy

@: on berserk cooldown, slowed, very slow
A: (nimble swimmer 2), mertail
a: Renounce Religion, Berserk, Trog's Hand


You were on level 4 of the Dungeon.
You worshipped Trog.
Trog was most pleased with you.
You visited 1 branch of the dungeon, and saw 5 of its levels.
You also visited: Sewer.

You collected 188 gold pieces.

Inventory:

Hand Weapons
 a - a +0 falchion (weapon)
 i - a +1 dagger of freezing
Missiles
 b - 2 boomerangs
 f - 112 stones (quivered)
 r - 5 poisoned darts
Armour
 d - the +1 leather armour of Agoraphobia (worn) {rPois rN+}
   (You found it in a sewer)

   rPois:     It protects you from poison.
   rN:        It protects you from negative energy.
 e - a +0 helmet (worn)
 h - a +0 buckler (worn)
 k - a +0 scale mail
 q - a +0 pair of boots (worn)
 z - a +1 cloak (worn)
Jewellery
 B - a ring of positive energy (left hand)
 D - a ring of positive energy (right hand)
Wands
 p - a wand of digging (6)
 s - a wand of acid (4)
Scrolls
 c - a scroll of enchant weapon
 g - a scroll of magic mapping
 u - 2 scrolls of teleportation
Potions
 j - 3 potions of ambrosia
 l - a potion of heal wounds
 m - 2 potions of curing
 o - 2 potions of mutation
 v - a potion of magic {unknown}
 w - a potion of resistance {unknown}
 x - a potion of might {unknown}
 A - a potion of flight
 C - a potion of lignification


   Skills:
 + Level 5.1 Fighting
 * Level 7.1 Long Blades
 + Level 3.0 Armour
 - Level 2.6 Dodging
 * Level 4.3 Shields


You had 6 spell levels left.
You didn't know any spells.
Your spell library was empty.

Dungeon Overview and Level Annotations

Branches:
Dungeon (5/15)             Temple (0/1) D:4           Sewer (visited)

Altars:
Gozag

Annotations:
D:4 Edmund


Innate Abilities, Weirdness & Mutations

((You are very nimble when in or above water. (Stealth+, EV+, Speed+++)))
Your lower body shifts to a powerful aquatic tail in water.


Message History

Edmund is severely wounded.
Edmund hits you but does no damage.
You hit Edmund but do no damage.
Edmund is severely wounded.
Edmund closely misses you. x2
You hit Edmund but do no damage.
Edmund is severely wounded.
Edmund hits you but does no damage.
You hit Edmund.
Edmund is almost dead.
Edmund hits you but does no damage.
You barely miss Edmund.
Edmund is almost dead.
You block Edmund's attack.
Edmund hits you with a +1 flail of protection!
* * * LOW HITPOINT WARNING * * *
You closely miss Edmund.
Edmund is almost dead.
You block Edmund's attack.
Edmund hits you with a +1 flail of protection.
* * * LOW HITPOINT WARNING * * *
You hit Edmund.
Edmund is almost dead.
You block Edmund's attack.
You barely miss Edmund.
Edmund is almost dead.
Edmund misses you.
You hit Edmund but do no damage.
Edmund is almost dead.
Edmund hits you with a +1 flail of protection!
* * * LOW HITPOINT WARNING * * *
Edmund misses you.
You hit Edmund.
Edmund is almost dead.
Edmund barely misses you.
You hit Edmund but do no damage.
Edmund is almost dead.
Edmund grinds his teeth, and then sighs.
Edmund hits you with a +1 flail of protection!
You die...

....##''##...,***,*,,******,**,,,
..#.#≈≈.≈#...,(....,,,,,,,,,,,,**
<.#.######..#,....##******,,****
........,,..#*#(...#** *,**
..#####***#.###....,,** **,*
#.### #....(..**,,***,,* #...#
####..#*#.#***,,,*,**
#...####.....###@# ***,,,*
#...##...###....@# *****
#......### ####..# #...#### #..#
#...# ##.# ##### ###


You could see Edmund.

Vanquished Creatures
  An ogre (D:3)
  A black bear (D:5)
  2 bullfrogs (Sewer)
  A necrophage (D:5)
  A scorpion (D:4)
  Crazy Yiuf (D:3)
  An iguana (D:5)
  Ijyb (D:3)
  Natasha (thrice) (D:3)
  5 adders
  5 gnolls
  A river rat (D:4)
  2 worms
  2 dart slugs
  5 orcs
  18 endoplasms
  5 giant cockroaches
  3 goblins
  6 hobgoblins
  2 kobolds
  15 quokkas
  16 ball pythons
  4 bats
  7 frilled lizards
  6 rats
114 creatures vanquished.

Notes
Turn   | Place    | Note
-------+----------+-------------------------------------------
     0 | D:1      | jejorda2 the Merfolk Berserker began the quest for the Orb.
     0 | D:1      | Reached XP level 1. HP: 18/18 MP: 1/1
   171 | D:1      | Reached skill level 4 in Long Blades
   171 | D:1      | Reached XP level 2. HP: 24/24 MP: 2/2
   533 | D:1      | Reached XP level 3. HP: 26/29 MP: 3/3
  1269 | D:2      | Found an opulent altar of Gozag.
  1518 | D:2      | Reached XP level 4. HP: 34/37 MP: 4/4
  1592 | D:2      | Found a faded altar of an unknown god.
  2230 | D:2      | Reached ** piety under Trog
  2492 | D:3      | Reached skill level 1 in Shields
  2493 | D:3      | Noticed Ijyb
  2535 | D:3      | Killed Ijyb
  2536 | D:3      | Reached skill level 5 in Long Blades
  2891 | D:3      | Noticed an ogre
  2905 | D:3      | Killed an ogre
  2906 | D:3      | Reached XP level 5. HP: 42/42 MP: 5/5
  2964 | D:3      | Noticed Natasha
  2974 | D:3      | Killed Natasha
  3119 | D:3      | Found a runed translucent door.
  3120 | D:3      | Noticed Crazy Yiuf
  3120 | D:3      | Noticed Natasha
  3129 | D:3      | Killed Crazy Yiuf
  3130 | D:3      | Reached XP level 6. HP: 48/48 MP: 6/6
  3132 | D:3      | Killed Natasha
  3231 | D:3      | Noticed Natasha
  3238 | D:3      | Killed Natasha
  3559 | D:3      | You fall into a shaft and drop 2 floors!
  3559 | D:5      | Entered Level 5 of the Dungeon
  3617 | D:5      | Noticed a black bear
  3632 | D:5      | Reached skill level 6 in Long Blades
  3644 | D:5      | Killed a black bear
  3645 | D:5      | Reached XP level 7. HP: 55/55 MP: 7/7
  3650 | D:5      | Noticed a shadow
  4098 | D:4      | Found a glowing drain.
  4102 | Sewer    | Entered a sewer
  4287 | Sewer    | Reached *** piety under Trog
  4475 | Sewer    | Identified the +1 leather armour of Agoraphobia {rPois rN+}
  4483 | Sewer    | Reached skill level 5 in Fighting
  4483 | Sewer    | Reached skill level 7 in Long Blades
  4927 | D:4      | Noticed Edmund
  4977 | D:4      | Slain by Edmund

Illustrated notes

Levels and vault maps discovered:
D:1:      lemuel_arrival_hallway, layout_basic
D:2:      layout_basic, basic_altar, basic_ecumenical_altar,
          supply_closet_lemuel
D:3:      layout_rooms, uniq_ijyb, uniq_crazy_yiuf_cottage, uniq_natasha
D:4:      layout_rooms, kennysheep_mini_moat, minmay_temple_entry_nine_rooms,
          gup_sewer_entry_bowl, grunt_ministairs_3, uniq_pikel, uniq_edmund,
          uniq_eustachio
D:5:      layout_basic, st_stairs_5, dreamdust_princess_bridge,
          minmay_manual_maat

Skill      XL: |  1  2  3  4  5  6  7 |
---------------+----------------------+-----
Long Blades    | 4 5 6 7 |  7.1
Armour         | 2 3 |  3.0
Shields        | 2 3 4 |  4.3
Fighting       | 4 5 |  5.1
Dodging        | |  2.6

Action                   |  1- 3 |  4- 6 |  7- 9 || total
-------------------------+-------+-------+-------++-------
Melee: Falchion          |    94 |   145 |   198 ||   437
       Tailslap          |       |       |     6 ||     6
Throw: Stone             |     7 |    19 |    30 ||    56
Invok: Berserk           |     2 |     5 |     1 ||     8
       Trog's Hand       |       |     1 |       ||     1
Evoke: Wand              |       |       |     2 ||     2
  Use: Scroll            |       |       |    15 ||    15
       Potion            |       |       |     1 ||     1
Armor: Animal skin       |     6 |       |       ||     6
       Ring mail         |    17 |       |       ||    17
       Scale mail        |    14 |    43 |    47 ||   104
       Leather armour    |       |       |     8 ||     8
Dodge: Dodged            |    51 |    52 |    88 ||   191
Block: Buckler           |       |    26 |    45 ||    71

Table legend: (Time is in decaauts)
 A = Elapsed time spent in this place.
 B = Non-inter-level travel time spent in this place.
 C = Inter-level travel time spent in this place.
 D = Time resting spent in this place.
 E = Time spent auto-exploring this place.
 F = Levels seen in this place.
 G = Mean time per level.
                   A        B        C        D        E       F      G
               +--------+--------+--------+--------+--------+-----+--------+
         Total |   5013 |   4865 |    148 |    480 |   3331 |   6 |  835.5 |
       Dungeon |   4433 |   4285 |    148 |    480 |   2974 |   5 |  886.6 |
         Sewer |    580 |    580 |      0 |      0 |    357 |   1 |  580.0 |
               +--------+--------+--------+--------+--------+-----+--------+

Top non-repeatable levels by time:
     D:2: 1323 daAuts
     D:1: 1151 daAuts
     D:3: 1149 daAuts
   Sewer: 580 daAuts
     D:5: 492 daAuts
     D:4: 315 daAuts
